 Dungeon Crawl Stone Soup version 0.30-a0-358-g0d69a1922f (webtiles) character file.

Game seed: 16220854332334201207

122764 Lobster4 the Cloud Mage (level 16, -14/98 (101) HPs)
             Began as a Tengu Air Elementalist on Nov 10, 2022.
             Was the Champion of Vehumet.
             Blown up by an orb spider (58 damage)
             ... with an orb of destruction
             ... led by a torpor snail
             ... on level 3 of the Spider Nest on Nov 11, 2022.
             The game lasted 02:10:46 (33816 turns).

Lobster4 the Cloud Mage (Tengu Air Elementalist)   Turns: 33816, Time: 02:10:47

HP:   -14/98 (101)  AC: 10    Str:  9      XL:     16   Next: 88%
MP:   1/41          EV: 16    Int: 27 (29) God:    Vehumet [******]
Gold: 2816          SH:  6    Dex: 15      Spells: 1/37 levels left

rFire   + . .      SeeInvis .    a - +9 long sword (elec)
rCold   . . .      Faith    .    G - +1 buckler {rF+}
rNeg    . . .      Spirit   .    R - +0 troll leather armour
rPois   .          Reflect  .    (helmet restricted)
rElec   .          Harm     .    B - +1 cloak
rCorr   .          Rampage  .    Z - +2 pair of gloves
Will    +....                    (boots unavailable)
Stlth   ++........               f - amulet of magic regeneration
HPRegen 1.16/turn                S - ring of magical power
MPRegen 0.67/turn                c - +6 ring of intelligence

@: flying quickly and evasively, lightly drained, quick
A: beak, talons 3, nimble flight
a: Renounce Religion


You were on level 3 of the Spider Nest.
You worshipped Vehumet.
Vehumet was exalted by your worship.
You visited 5 branches of the dungeon, and saw 26 of its levels.
You also visited: Sewer.

You collected 3175 gold pieces.
You spent 359 gold pieces at shops.

Inventory:

Hand Weapons
 a - a +9 long sword of electrocution (weapon)
 b - a +0 sling
 i - the +4 trident of Hard Scrabble {vorpal, rN+ Dex+4}
   (You found it on level 14 of the Dungeon)

   It inflicts extra damage upon your enemies.
   Dex:       It affects your dexterity (+4).
   rN:        It protects you from negative energy.
Missiles
 n - a curare-tipped dart
 u - 4 throwing nets
 z - 20 boomerangs
 H - 28 poisoned darts
 Q - 6 javelins
Armour
 B - a +1 cloak (worn)
 F - a +2 robe of willpower
 G - a +1 buckler of fire resistance (worn)
 R - a +0 troll leather armour (worn)
 Z - a +2 pair of gloves (worn)
Magical Staves
 X - a staff of fire
Jewellery
 c - a +6 ring of intelligence (right hand)
 d - a ring of see invisible
 f - an amulet of magic regeneration (around neck)
 p - a ring of ice
 q - a +4 ring of evasion
 D - a ring of fire
 S - a ring of magical power (left hand)
 U - an amulet of reflection
 Y - a ring of poison resistance
Wands
 e - a wand of digging (10)
 j - a wand of flame (21)
 I - a wand of paralysis (5)
 K - a wand of mindburst (6)
 N - a wand of iceblast (13)
 O - a wand of polymorph (19)
Scrolls
 k - a scroll of fear
 r - 6 scrolls of teleportation
 s - 7 scrolls of enchant armour
 w - 2 scrolls of poison
 y - 3 scrolls of silence
 E - 7 scrolls of identify
 J - 3 scrolls of immolation
 L - 2 scrolls of enchant weapon
 M - 3 scrolls of blinking
 T - 3 scrolls of magic mapping
 V - 2 scrolls of fog
Potions
 g - 3 potions of might
 h - a potion of cancellation
 l - 4 potions of brilliance
 m - 7 potions of curing
 o - a potion of magic
 t - a potion of invisibility
 v - 6 potions of lignification
 x - 5 potions of ambrosia
 A - 7 potions of heal wounds
 C - 2 potions of berserk rage
 P - a potion of resistance
Miscellaneous
 W - a condenser vane (inert)


   Skills:
 + Level 11.7 Fighting
 - Level 1.0(3.6) Short Blades
 + Level 5.6(5.7) Long Blades
 - Level 2.0 Polearms
 - Level 1.0 Ranged Weapons
 - Level 3.0 Throwing
 + Level 6.1 Armour
 + Level 6.1 Dodging
 - Level 3.0 Stealth
 - Level 5.0 Shields
 + Level 11.1 Spellcasting
 + Level 15.3 Conjurations
 - Level 3.0 Translocations
 - Level 3.0 Transmutations
 - Level 3.0 Fire Magic
 + Level 3.2 Ice Magic
 * Level 21.3 Air Magic
 - Level 3.0 Earth Magic
 + Level 4.8 Evocations


You had one spell level left.
You knew the following spells:

 Your Spells              Type           Power      Damage    Failure   Level
a - Shock                 Conj/Air       100%       1d9       0%          1
b - Stone Arrow           Conj/Erth      100%       3d13      1%          3
c - Airstrike             Air            46%        2d(7-23)  0%          4
d - Arcjolt               Conj/Air       42%        1d52      1%          5
e - Freeze                Ice            100%       1d10      1%          1
f - Searing Ray           Conj           100%       2d8       0%          2
g - Blink                 Tloc           62%        N/A       3%          2
h - Ignite Poison         Fire/Tmut/Pois 25%        N/A       2%          3
i - Freezing Cloud        Conj/Ice/Air   36%        6-21      1%          5
o - Orb of Destruction    Conj           39%        9d11      2%          7
s - Swiftness             Air            92%        N/A       0%          3

Your spell library contained the following spells:

 Spells                   Type           Power      Damage    Failure   Level
 Apportation              Tloc           62%        N/A       1%          1
 Foxfire                  Conj/Fire      100%       2x1d9     1%          1
 Sandblast                Erth           62%        2d14      1%          1
 Slow                     Hex            60%        N/A       7%          1
 Static Discharge         Conj/Air       100%       2-7/arc   0%          2
 Frozen Ramparts          Ice            64%        1d10      1%          3
 Hailstorm                Conj/Ice       60%        3d13      1%          3
 Kindle Blastsparks       Fire/Tloc/Air  100%       2d18      1%          3
 Fulminant Prism          Conj/Hex       27%        3d13      1%          4
 Iskenderun's Mystic Bla  Conj/Tloc      59%        2d12      1%          4
 Fireball                 Conj/Fire      29%        3d13      1%          5
 Silence                  Hex/Air        32%        N/A       2%          5
 Passwall                 Tmut/Erth      25%        N/A       3%          2
 Wereblood                Tmut           31%        N/A       3%          2
 Inner Flame              Hex/Fire       23%        N/A       3%          3
 Ensorcelled Hibernation  Hex/Ice        46%        N/A       5%          2
 Gell's Gravitas          Tloc           31%        N/A       6%          3
 Teleport Other           Tloc           31%        N/A       6%          3
 Iron Shot                Conj/Erth      29%        9d6       7%          6
 Starburst                Conj/Fire      29%        6d9       7%          6
 Sublimation of Blood     Necr           15%        N/A       10%         2
 Lee's Rapid Deconstruct  Erth           15%        3d10*     14%         5
 Manifold Assault         Tloc           31%        N/A       19%         4
 Passage of Golubria      Tloc           31%        N/A       19%         4
 Confusing Touch          Hex            15%        N/A       21%         3
 Vampiric Draining        Necr           15%        2d7       21%         3
 Summon Ice Beast         Ice/Summ       23%        N/A       34%         4
 Storm Form               Tmut/Air       34%        N/A       36%         7
 Cause Fear               Hex            7%         N/A       54%         4
 Alistair's Intoxication  Tmut/Pois      15%        N/A       69%         5
 Lehudib's Crystal Spear  Conj/Erth      29%        10d8      91%         8
 Dispersal                Tloc           15%        N/A       96%         6
 Statue Form              Tmut/Erth      20%        N/A       96%         6
 Dragon Form              Tmut           15%        N/A       100%        7
 Summon Hydra             Summ           7%         N/A       100%        7
 Discord                  Hex            7%         N/A       100%        8
 Dragon's Call            Summ           7%         N/A       100%        9


Dungeon Overview and Level Annotations

Branches:
Dungeon (15/15)            Temple (1/1) D:6            Lair (5/5) D:9
 Shoals (0/4) Lair:2       Spider (3/4) Lair:3        Slime (0/5) Lair:5
    Orc (2/2) D:10            Elf (0/3) Orc:2        Vaults (0/5) D:13
 Depths (0/4) D:15          Sewer (visited)

Altars:
Ashenzari
Cheibriados
Dithmenos
Elyvilon
Fedhas
Gozag
Hepliaklqana
Kikubaaqudgha
Makhleb
Nemelex Xobeh
Okawaru
Qazlal
Ru
Sif Muna
Trog
Uskayaw
Vehumet
Wu Jian
Xom
Yredelemnul
Zin
The Shining One
Jiyva

Shops:
D:4 ?   D:10 !   D:13 **=   Orc:2 !=***

Portals:
Abyss: Orc:2

Annotations:
D:8 1 runed translucent door
D:14 exclusion: obsidian statue
Lair:5 1 runed translucent door
Spider:1 Rupert
Orc:1 3 runed translucent doors, SleepySteel's ghost, journeyman DgFi
Orc:2 2 transporters, blackman's ghost, journeyman FoFi


Innate Abilities, Weirdness & Mutations

You have a beak for a mouth.
You have claws for feet.
Your magical nature lets you fly swiftly and evasively.


Message History

The redback is lightly wounded.
You kill the redback!
Vehumet accepts your kill.
You feel your power returning.
You kill the entropy weaver!
Vehumet accepts your kill.
You feel your power returning.
The redback bites you but does no damage.
The redback bites you!
Unknown command.
You slash the redback! You claw the redback. You peck the redback.
The redback is almost dead.
The redback completely misses you. The redback bites you.
You are poisoned.
The redback poisons you!
You slash the redback! Lightning courses through the redback!
You kill the redback!
Vehumet accepts your kill.
You feel your power returning.
You feel extremely sick.
You feel better.
Casting: Arcjolt (safe; 1% risk of failure)
Confirm with . or Enter, or press ? or * to list all spells.
Aiming: Airstrike (safe; 0% risk of failure)
Press: ? - help, Dir - move target, f - orb spider
Aim: an orb spider (fully charged, empty space bonus: 8/8)
The air twists around and strikes the orb spider!!
The orb spider is severely wounded.
The orb spider weaves a glowing orb of energy.
An orb of destruction comes into view.
Casting: Airstrike (safe; 0% risk of failure)
Confirm with . or Enter, or press ? or * to list all spells.
Aiming: Airstrike (safe; 0% risk of failure)
Press: ? - help, Dir - move target, f/p - orb spider
Aim: an orb spider (severely wounded, empty space bonus: 7/8)
The air twists around and strikes the orb spider!
The orb spider is almost dead.
The orb of destruction hits you!!!
Ouch! That really hurt!
You die...

..^.>............^.........
...................#>.....#.
#...^#.....#.#........#^#..#
.............^..............
.#...##.........†.......>.
..#(^..............^[...
...#..#.^......†#..#...
...................^...#
###.#...........@†..^....s
#..............#.○#^......
#^...#..##...#.^.○........
#.....^#........(.s.#..^.B
#^...^..............†.....
#.....#^.................
#.<........#.............
##.#†..#......#..^..#..
#..#....#.......)..^


You could see an orb spider.

Vanquished Creatures
  Frances (Spider:2)
  2 emperor scorpions
  A very ugly thing (D:15)
  Snorg (D:13)
  3 entropy weavers
  A deep elf high priest (D:14)
  2 rakshasas (D:15)
  An ogre mage (D:14)
  A jorogumo (Spider:3)
  2 hydras
  3 boulder beetles
  9 centaur warriors
  2 dancing weapons (D:13)
  11 death yaks
  3 two-headed ogres
  3 orc high priests (Orc:2)
  5 pharaoh ants
  6 skeletal warriors
  3 steelbarb worms
  4 orb spiders
  5 orc knights
  A glowing orange brain (D:15)
  Pikel (D:3)
  12 wolf spiders
  10 ugly things
  6 cyclopes
  6 orc sorcerers (Orc:2)
  2 manticores
  A salamander (shapeshifter) (D:13)
  2 merfolk sirens (Lair:2)
  11 elephants
  8 torpor snails
  Maurice (D:8)
  2 black mambas
  A gargoyle (D:13)
  8 cane toads
  An unseen horror (D:12)
  14 demonic crawlers
  8 komodo dragons
  2 tengu conjurers (D:14)
  6 trolls
  3 meliai (Spider:1)
  6 polar bears
  Prince Ribbit (D:8)
  19 tarantellas
  A wind drake (shapeshifter) (D:15)
  9 blink frogs
  23 slime creatures
  4 hornets
  12 dream sheep
  9 culicivoras
  13 jumping spiders
  A vampire (D:13)
  A shadow (D:11)
  12 spriggans (Lair:5)
  4 wraiths
  3 wyverns
  4 basilisks
  32 yaks
  65 redbacks
  14 vampire mosquitoes
  4 wargs (Orc:2)
  15 water moccasins
  Pargi (Sewer)
  5 black bears
  22 orc warriors
  A sky beast (D:6)
  8 boggarts
  3 ogres
  12 centaurs
  A lemure (D:4)
  14 wolves (Lair:5)
  8 bullfrogs
  A kobold brigand (D:8)
  3 scorpions
  4 gnoll sergeants
  15 wights
  18 killer bees
  A vampire bat (D:5)
  3 howler monkeys
  3 electric eels
  5 jellies
  A lava snake (D:10)
  3 gnoll boudas
  19 orc priests
  6 hounds
  6 iguanas
  Terence (D:3)
  21 orc wizards
  Robin (D:2)
  25 gnolls
  12 adders
  2 shadow imps
  2 white imps
  An ufetubus (D:4)
  8 worms
  2 dart slugs
  3 fire bats (D:5)
  67 orcs
  2 spectral bats (D:5)
  3 bat skeletons (D:5)
  A bat zombie (D:5)
  4 endoplasms
  6 giant cockroaches
  17 goblins
  9 hobgoblins
  5 jackals
  15 kobolds
  3 quokkas
  6 ball pythons
  23 bats
  A bat simulacrum (D:5)
  5 frilled lizards
  5 rats
840 creatures vanquished.

Vanquished Creatures (others)
  12 demonic plants (D:8)
  30 fungi
  31 plants
73 creatures vanquished.

Grand Total: 913 creatures vanquished

Notes
Turn   | Place    | Note
-------+----------+-------------------------------------------
     0 | D:1      | Lobster4 the Tengu Air Elementalist began the quest for the
                  | Orb.
     0 | D:1      | Reached XP level 1. HP: 10/10 MP: 4/4
   126 | D:1      | Reached XP level 2. HP: 15/15 MP: 1/6
   866 | D:1      | Found a faded altar of an unknown god.
   905 | D:1      | Reached XP level 3. HP: 20/20 MP: 4/7
  1158 | D:2      | Reached skill level 1 in Armour
  1226 | D:2      | Found a blossoming altar of Fedhas.
  1641 | D:3      | Reached XP level 4. HP: 24/24 MP: 4/8
  1857 | D:3      | Noticed Robin
  1863 | D:3      | Reached skill level 5 in Air Magic
  1886 | D:2      | Killed Robin
  1967 | D:3      | Reached skill level 1 in Fighting
  2006 | D:3      | Gained mutation: Your magical nature lets you fly swiftly
                  | and evasively. [Tengu growth]
  2006 | D:3      | Reached XP level 5. HP: 29/29 MP: 6/9
  2041 | D:3      | Learned a level 3 spell: Swiftness
  2497 | D:3      | Noticed Terence
  2503 | D:3      | Killed Terence
  2686 | D:4      | Reached XP level 6. HP: 34/34 MP: 6/10
  2852 | D:4      | Reached skill level 1 in Short Blades
  2852 | D:4      | Reached skill level 1 in Throwing
  2946 | D:4      | Found Vuigh's Magic Scroll Boutique.
  2961 | D:4      | Reached skill level 6 in Air Magic
  2972 | D:4      | Bought a scroll of magic mapping for 75 gold pieces
  2972 | D:4      | Bought a scroll of fear for 40 gold pieces
  2972 | D:4      | Bought a scroll of fog for 40 gold pieces
  2972 | D:4      | Bought a scroll of identify for 20 gold pieces
  2972 | D:4      | Bought a scroll of identify for 20 gold pieces
  3020 | D:4      | Noticed a black bear
  3042 | D:4      | Killed a black bear
  3043 | D:4      | Reached XP level 7. HP: 40/40 MP: 10/12
  3077 | D:4      | Found an iron altar of Okawaru.
  3078 | D:4      | Found a shimmering altar of Xom.
  3101 | D:4      | Found an ornate altar of the Wu Jian Council.
  3121 | D:4      | Found a shimmering blue altar of Sif Muna.
  3123 | D:4      | Found a hide-covered altar of Uskayaw.
  3227 | D:4      | Noticed Pikel
  3251 | D:3      | Killed Pikel
  3252 | D:3      | Reached skill level 7 in Air Magic
  3252 | D:3      | Reached XP level 8. HP: 43/45 MP: 12/14
  3476 | D:5      | Entered Level 5 of the Dungeon
  3532 | D:5      | Reached skill level 8 in Air Magic
  3631 | D:5      | Found a glowing drain.
  3640 | Sewer    | Entered a sewer
  3677 | Sewer    | Noticed Pargi
  3689 | Sewer    | Killed Pargi
  3960 | D:5      | Reached skill level 5 in Conjurations
  4803 | D:5      | Reached skill level 9 in Air Magic
  4803 | D:5      | Reached XP level 9. HP: 52/52 MP: 14/16
  5625 | D:6      | Found a glowing silver altar of Zin.
  5630 | D:6      | Found a burning altar of Makhleb.
  5631 | D:6      | Noticed an angel
  5631 | D:6      | Noticed a balrug
  5642 | D:6      | Found a staircase to the Ecumenical Temple.
  5650 | Temple   | Entered the Ecumenical Temple
  5913 | Temple   | Became a worshipper of Vehumet
  6043 | D:6      | Learned a level 4 spell: Airstrike
  6982 | D:7      | Reached skill level 5 in Armour
  6984 | D:7      | Reached skill level 10 in Air Magic
  7027 | D:7      | Noticed a hornet
  7034 | D:7      | Killed a hornet
  7251 | D:7      | Reached * piety under Vehumet
  7251 | D:7      | Offered knowledge of Freeze by Vehumet.
  7269 | D:7      | Learned a level 1 spell: Freeze
  7534 | D:7      | Reached skill level 5 in Spellcasting
  7534 | D:7      | Reached skill level 1 in Evocations
  7783 | D:7      | Reached skill level 1 in Long Blades
  7783 | D:7      | Reached XP level 10. HP: 28/58 MP: 11/18
  7954 | D:8      | Reached skill level 1 in Ice Magic
  8006 | D:8      | Paralysed by a wight for 4 turns
  8113 | D:8      | Noticed a sixfirhy
  8116 | D:8      | Found a runed translucent door.
  8144 | D:8      | Noticed Maurice
  8417 | D:8      | Reached skill level 11 in Air Magic
  8420 | D:8      | Reached skill level 5 in Fighting
  8495 | D:8      | Offered knowledge of Searing Ray by Vehumet.
  8608 | D:8      | Noticed Prince Ribbit
  9168 | D:8      | Reached ** piety under Vehumet
  9260 | D:8      | Learned a level 2 spell: Searing Ray
  9263 | D:8      | Learned a level 2 spell: Blink
  9289 | D:8      | Killed Maurice
  9364 | D:8      | Killed Prince Ribbit
 10071 | D:9      | Reached skill level 1 in Translocations
 11428 | D:9      | Offered knowledge of Stone Arrow by Vehumet.
 11471 | D:9      | Learned a level 3 spell: Stone Arrow
 11514 | D:9      | Reached skill level 12 in Air Magic
 11646 | D:9      | Reached XP level 11. HP: 64/64 MP: 15/20
 11665 | D:9      | Reached *** piety under Vehumet
 11695 | D:9      | Found a staircase to the Lair.
 11912 | D:10     | Entered Level 10 of the Dungeon
 12230 | D:10     | Found Nyicah's Distillery.
 12383 | D:10     | Bought a potion of degeneration for 10 gold pieces
 12419 | D:10     | Bought a potion of resistance for 100 gold pieces
 12530 | D:10     | Found a staircase to the Orcish Mines.
 12824 | D:10     | Reached skill level 1 in Earth Magic
 13595 | D:11     | Offered knowledge of Inner Flame by Vehumet.
 13660 | D:11     | Noticed a two-headed ogre
 13670 | D:11     | Killed a two-headed ogre
 13778 | D:11     | Noticed a cyclops
 13782 | D:11     | Killed a cyclops
 13783 | D:11     | Reached skill level 1 in Fire Magic
 13892 | D:12     | Noticed a cyclops
 13993 | Lair:1   | Entered Level 1 of the Lair of Beasts
 13999 | Lair:1   | Reached skill level 13 in Air Magic
 15314 | Lair:2   | Reached XP level 12. HP: 56/71 MP: 21/23
 15490 | Lair:2   | Reached **** piety under Vehumet
 15793 | Lair:2   | Found a staircase to the Shoals.
 16082 | Lair:3   | You are sucked into a shaft and drop 1 floor!
 16153 | Lair:3   | Offered knowledge of Ignite Poison by Vehumet.
 16158 | Lair:3   | Learned a level 3 spell: Ignite Poison
 16184 | Lair:3   | Reached skill level 14 in Air Magic
 16723 | Lair:3   | Reached skill level 10 in Conjurations
 16773 | Lair:3   | Found a hole to the Spider Nest.
 17471 | Lair:4   | Reached skill level 15 in Air Magic
 17834 | Lair:4   | Noticed a death yak
 17848 | Lair:4   | Killed a death yak
 17908 | Lair:4   | Identified the +3 arbalest of Vodka {antimagic, rC+ rN+
                  | Will+}
 18220 | Lair:4   | Noticed a death yak
 18220 | Lair:4   | Noticed a death yak
 18220 | Lair:4   | Noticed a death yak
 18238 | Lair:4   | Killed a death yak
 18298 | Lair:4   | Killed a death yak
 18299 | Lair:4   | Reached XP level 13. HP: 78/78 MP: 15/25
 18380 | Lair:4   | Reached skill level 16 in Air Magic
 18497 | Lair:4   | Reached ***** piety under Vehumet
 18622 | Lair:5   | Entered Level 5 of the Lair of Beasts
 18818 | Lair:4   | Offered knowledge of Orb of Destruction by Vehumet.
 18828 | Lair:4   | Learned a level 7 spell: Orb of Destruction
 19422 | Lair:5   | Found a runed translucent door.
 19587 | Lair:5   | Found a viscous altar of Jiyva.
 19655 | Lair:5   | Found a staircase to the Slime Pits.
 19678 | Lair:5   | Reached skill level 17 in Air Magic
 20516 | Lair:5   | Reached XP level 14. HP: 86/86 MP: 28/28
 20562 | Lair:5   | Identified the amulet "Toof" {Spirit Harm Will+ Str+3
                  | Dex-3}
 20916 | Lair:5   | Reached skill level 18 in Air Magic
 21411 | Orc:1    | Entered Level 1 of the Orcish Mines
 21545 | Orc:1    | Found a runed translucent gate.
 21545 | Orc:1    | Found a runed translucent gate.
 21545 | Orc:1    | Found a runed translucent gate.
 21858 | Orc:1    | Noticed SleepySteel's ghost (journeyman DgFi)
 21961 | Orc:2    | Entered Level 2 of the Orcish Mines
 21964 | Orc:2    | Found a transporter.
 21971 | Orc:2    | Found a one-way gate to the infinite horrors of the Abyss.
 21971 | Orc:2    | Noticed blackman's ghost (journeyman FoFi)
 22010 | Orc:2    | Noticed an orc warlord
 22021 | Orc:2    | Found a transporter.
 22532 | Orc:2    | Reached skill level 1 in Ranged Weapons
 22536 | Orc:2    | Reached skill level 1 in Shields
 22638 | Orc:2    | Found a staircase to the Elven Halls.
 22787 | Orc:2    | Found Fuygarip's Assorted Antiques.
 22912 | Orc:2    | Found Mutrixuq's General Store.
 22918 | Orc:2    | Offered knowledge of Iron Shot by Vehumet.
 23031 | Orc:2    | Reached skill level 10 in Fighting
 23229 | Orc:2    | Found Bydeaby's General Store.
 23230 | Orc:2    | Found Peosuez's Jewellery Shoppe.
 23230 | Orc:2    | Found Ilept's Distillery.
 24352 | D:12     | Reached skill level 1 in Transmutations
 24356 | D:12     | Reached skill level 19 in Air Magic
 24955 | D:13     | Found Iqipp's General Store.
 24971 | D:13     | Bought a +0 pair of gloves for 54 gold pieces
 25020 | D:13     | Found Faphelal's Jewellery Boutique.
 25348 | D:13     | Reached XP level 15. HP: 93/93 MP: 23/29
 25370 | D:13     | Found a gate to the Vaults.
 25536 | D:13     | Reached skill level 10 in Spellcasting
 25681 | D:13     | Noticed Snorg
 25698 | D:13     | Killed Snorg
 25783 | D:13     | Found Nailudelo's General Store.
 25870 | D:14     | Offered knowledge of Arcjolt by Vehumet.
 25885 | D:13     | Learned a level 5 spell: Arcjolt
 26328 | D:14     | Identified the +4 trident of Hard Scrabble {vorpal, rN+
                  | Dex+4}
 26560 | D:14     | Got the Secrets of Dusty Hoarfrost
 26772 | D:14     | Reached skill level 1 in Polearms
 27016 | D:15     | Entered Level 15 of the Dungeon
 27562 | D:15     | Identified the +1 chain mail "Feyqogge" {Will+ Int-2 Dex+3}
 28517 | D:15     | Reached skill level 20 in Air Magic
 29347 | D:15     | Found a staircase to the Depths.
 29709 | Spider:1 | Entered Level 1 of the Spider Nest
 29890 | Spider:1 | Reached skill level 5 in Shields
 30223 | Spider:1 | Offered knowledge of Spellforged Servitor by Vehumet.
 30411 | Spider:1 | Noticed Rupert
 30475 | Spider:1 | Reached XP level 16. HP: 100/100 MP: 21/31
 31164 | Spider:2 | Noticed Frances
 31176 | Spider:1 | Reached skill level 5 in Dodging
 32225 | Spider:2 | Reached skill level 15 in Conjurations
 32526 | Spider:2 | Reached skill level 5 in Long Blades
 32644 | Spider:2 | Killed Frances
 32645 | Spider:2 | Reached skill level 21 in Air Magic
 33176 | Spider:3 | Reached ****** piety under Vehumet
 33344 | Spider:3 | Offered knowledge of Freezing Cloud by Vehumet.
 33594 | Spider:2 | Learned a level 5 spell: Freezing Cloud
 33816 | Spider:3 | Blown up by an orb spider

Illustrated notes

Levels and vault maps discovered:
D:1:      dpeg_arrival_subterranean_lakeside_camping, layout_basic,
          shapermc_ecumenical_altar_mp_urbaneastern
D:2:      layout_rooms, basic_altar, kennysheep_generic_room_14
D:3:      minmay_angry_zag, layout_basic, chequers_serial_rivers_small_3,
          minmay_misc_feat_cross, minmay_pentomino_pile, uniq_terence,
          uniq_robin
D:4:      minmay_wonky_spiral, layout_gridville, nicolae_overflow_hidden_temple,
          nicolae_stop_n_shop_1, ldierk_geyser, nicolae_wormholes, uniq_pikel
D:5:      mumra_celtic_spiral_tile, layout_loops_ring, portal_sewer_entry_d,
          goddamned_bats
D:6:      layout_loops_cross, grunt_temple_overflow_order_and_chaos_2,
          minmay_temple_entry_drinking_statues, grunt_decor_arrowhead
D:7:      layout_loops_ring
D:8:      cheibrodos_shockbox, layout_loops_ring, dreamdust_princess_corridor,
          uniq_maurice, uniq_prince_ribbit1
D:9:      layout_cave_pools, lair_entry_dummy, serial_glass, glass_columns_a,
          glass_columns_a, grunt_decor_mini_mirrors
D:10:     layout_basic, orc_0_dummy, serial_shops, shop,
          kennysheep_cross_bottleneck
D:11:     layout_basic, minmay_microvault
D:12:     layout_loops_cross, nrook_uturn, minivault_25, kennysheep_donut
D:13:     nicolae_cairo_tiling_large_dashed, layout_loops_ring, erik_vaults_1,
          serial_shops, nicolae_shop_stone, shop, nicolae_square_shop,
          drop_trap, grunt_ministairs_7, uniq_snorg
D:14:     minmay_statue_hallways, layout_basic, minmay_three_doors
D:15:     gammafunk_enter_depths_forms, layout_long_grid,
          nicolae_twisting_strands
Temple:   regret_index_temple_generic_petals
Lair:1:   layout_layer_cave, dpeg_stationary_puzzle
Lair:2:   layout_roguey, elwin_shoals_entry_rooms
Lair:3:   layout_roguey, spider_nest_entry_webs
Lair:4:   layout_roguey
Lair:5:   minmay_lair_end_enchanted_forest, layout_long_grid, slime_entry_2,
          nicolae_lair_lil_pond, grunt_megastairs_3, serial_bayou_shore_b
Spider:1: mumra_spider_spiderweb, worms_lemuel, uniq_rupert
Spider:2: layout_spider_delve, uniq_frances
Spider:3: layout_spider_delve, drop_trap
Orc:1:    layout_caves, gammafunk_ghost_necromancy
Orc:2:    st_orc_elflike, layout_caves, serial_shops, nicolae_shop_waterfront,
          gammafunk_ghost_abyssal_escape, basic_altar, nicolae_orc_crystal_geode

Skill      XL: |  1  2  3  4  5  6  7  8  9 10 11 12 13 14 15 16 |
---------------+-------------------------------------------------+-----
Armour         | 1 2 3 4 5 6 |  6.1
Conjurations   | 2 3 4 5 6 8 9 10 12 13 14 15 | 15.3
Air Magic      | 5 6 7 9 10 12 13 15 17 19 20 21 | 21.3
Fighting       | 1 2 3 4 5 6 8 9 10 11 | 11.7
Dodging        | 3 4 6 |  6.1
Short Blades   | 1 |  1.0
Throwing       | 1 2 3 |  3.0
Stealth        | 3 |  3.0
Spellcasting   | 3 4 5 6 7 9 10 11 | 11.1
Evocations     | 1 3 4 |  4.8
Long Blades    | 1 4 5 |  5.6
Ice Magic      | 2 3 |  3.2
Translocations | 1 3 |  3.0
Earth Magic    | 2 3 |  3.0
Fire Magic     | 2 3 |  3.0
Ranged Weapons | 1 |  1.0
Shields        | 3 5 |  5.0
Transmutations | 2 3 |  3.0
Polearms       | 2 |  2.0

Action                   |  1- 3 |  4- 6 |  7- 9 | 10-12 | 13-15 | 16-18 || total
-------------------------+-------+-------+-------+-------+-------+-------++-------
Melee: Short sword       |     3 |       |       |       |       |       ||     3
       Kick              |     2 |     1 |     5 |    30 |    34 |    13 ||    85
       Peck              |     1 |     1 |     2 |    22 |    21 |     8 ||    55
       Rapier            |       |     3 |     8 |       |       |       ||    11
       Falchion          |       |       |     7 |    82 |    33 |       ||   122
       Dagger            |       |       |       |     4 |       |       ||     4
       Punch             |       |       |       |     2 |       |       ||     2
       Long sword        |       |       |       |       |    32 |    30 ||    62
Throw: Dart              |       |     5 |    23 |     7 |     1 |     1 ||    37
       Throwing net      |       |       |       |       |     1 |       ||     1
 Cast: Shock             |    81 |   148 |   328 |   305 |    46 |     1 ||   909
       Airstrike         |       |       |       |   223 |   649 |   198 ||  1070
       Swiftness         |       |       |       |     2 |     1 |       ||     3
       Stone Arrow       |       |       |       |    22 |   156 |   101 ||   279
       Searing Ray       |       |       |       |       |     6 |       ||     6
       Orb of Destructio |       |       |       |       |    19 |     5 ||    24
       Arcjolt           |       |       |       |       |     4 |    31 ||    35
       Blink             |       |       |       |       |       |     2 ||     2
Evoke: Wand              |       |       |       |     4 |     1 |     1 ||     6
       Condenser vane    |       |       |       |       |       |     1 ||     1
  Use: Scroll            |     2 |     5 |    11 |    13 |     7 |     4 ||    42
       Potion            |       |       |     3 |     1 |     3 |     3 ||    10
 Stab: Sleeping          |       |     1 |     2 |       |     1 |       ||     4
       Paralysed         |       |       |       |    14 |     6 |       ||    20
Armor: Robe              |     3 |     2 |       |       |       |       ||     5
       Animal skin       |       |     3 |    15 |       |       |       ||    18
       Leather armour    |       |       |       |    32 |       |       ||    32
       Troll leather arm |       |       |       |    14 |    93 |    61 ||   168
Dodge: Dodged            |    11 |    29 |   134 |   226 |   238 |   124 ||   762
Block: Buckler           |       |       |       |       |    55 |    65 ||   120

Table legend: (Time is in decaauts)
 A = Elapsed time spent in this place.
 B = Non-inter-level travel time spent in this place.
 C = Inter-level travel time spent in this place.
 D = Time resting spent in this place.
 E = Time spent auto-exploring this place.
 F = Levels seen in this place.
 G = Mean time per level.
                   A        B        C        D        E       F      G
               +--------+--------+--------+--------+--------+-----+--------+
         Total |  31948 |  29406 |   2542 |   6083 |  16777 |  27 | 1183.3 |
       Dungeon |  18822 |  17218 |   1604 |   3701 |   9866 |  15 | 1254.8 |
        Temple |    258 |    213 |     45 |      0 |    206 |   1 |  258.0 |
          Lair |   7068 |   6541 |    527 |   1179 |   3987 |   5 | 1413.6 |
   Spider Nest |   3851 |   3600 |    251 |    917 |   1627 |   3 | 1283.7 |
  Orcish Mines |   1847 |   1733 |    114 |    275 |   1044 |   2 |  923.5 |
         Sewer |    100 |    100 |      0 |      9 |     44 |   1 |  100.0 |
               +--------+--------+--------+--------+--------+-----+--------+

Top non-repeatable levels by time:
     D:8: 2722 daAuts
    D:15: 2217 daAuts
Spider:1: 2037 daAuts
  Lair:5: 1973 daAuts
  Lair:4: 1744 daAuts
Spider:2: 1405 daAuts
     D:6: 1395 daAuts
    D:12: 1384 daAuts
   Orc:2: 1340 daAuts
     D:5: 1336 daAuts
     D:7: 1298 daAuts
  Lair:3: 1292 daAuts
    D:10: 1288 daAuts
     D:1: 1134 daAuts
  Lair:2: 1080 daAuts
